 Dungeon Crawl Stone Soup version 0.28-a0-773-g130ae17fe5 (webtiles) character file.

Game seed: 8776535122774733314

4349 iamoutofideas the Magician (level 10, -1/118 HPs)
             Began as a Gnoll Warper on Nov 1, 2021.
             Was an Initiate of Ashenzari.
             Succumbed to a killer bee's poison
             ... on level 7 of the Dungeon.
             The game lasted 00:21:58 (13578 turns).

iamoutofideas the Magician (Gnoll Warper)          Turns: 13578, Time: 00:21:59

Health: -1/118     AC: 25    Str: 13    XL:     10   Next: 34%
Magic:  21/21      EV:  2    Int: 14    God:    Ashenzari [......]
Gold:   328        SH:  0    Dex: 11    Spells: 1/24 levels left

rFire   + . .      SeeInvis .   a - +1 hand axe
rCold   + . .      Faith    .   (no shield)
rNeg    . . .      Spirit   .   (armour currently unavailable)
rPois   +          Reflect  .   (helmet currently unavailable)
rElec   +          Harm     .   (cloak currently unavailable)
rCorr   +          Rampage  .   (gloves currently unavailable)
Will    .....      NoTele   +   (boots currently unavailable)
Stlth   +++.......              (no amulet)
HPRegen 0.29/turn               (no ring)
MPRegen 0.17/turn               (no ring)

@: lethally poisoned (-1 -> -8), tree-form, resistant
A: stationary, stasis, torment immunity, boosted hp, (fangs 1), strong nose,
distributed training
a: Renounce Religion


You were on level 7 of the Dungeon.
You worshipped Ashenzari.
Ashenzari was noncommittal.
You were a tree.
You visited 2 branches of the dungeon, and saw 9 of its levels.

You collected 328 gold pieces.

Inventory:

Hand Weapons
 a - a +1 hand axe (weapon)
 f - the +6 dagger of Breach {flame, +Blink}
   (You took it off an orc on level 4 of the Dungeon)

   It burns those it strikes, dealing additional fire damage.
   +Blink:    It lets you blink.
 i - a +0 flail of protection
 p - a +0 war axe
Missiles
 b - 4 javelins
 d - a boomerang of dispersal
 l - 19 poisoned darts (quivered)
 m - a throwing net
Armour
 e - a +2 robe of willpower
 g - the +3 scale mail "Gontahuf" {rF+}
   (You found it on level 8 of the Dungeon)

   rF:        It protects you from fire.
 h - a +2 helmet (melded)
 n - a +1 cloak (melded)
 r - a +0 pair of gloves (melded)
 u - a +2 leather armour of cold resistance (melded)
 v - a +0 scale mail of fire resistance
Wands
 k - a wand of iceblast (2)
 x - a wand of flame (17)
Scrolls
 c - a scroll of blinking
 j - 2 scrolls of amnesia
 t - 7 scrolls of identify
Potions
 o - a potion of magic
 s - a potion of cancellation


   Skills:
 + Level 7.3 Fighting
 + Level 5.6 Short Blades
 + Level 5.6 Long Blades
 + Level 7.3 Axes
 + Level 5.6 Maces & Flails
 + Level 5.6 Polearms
 + Level 5.6 Staves
 + Level 5.6 Slings
 + Level 5.6 Bows
 + Level 5.6 Crossbows
 + Level 6.2 Throwing
 + Level 6.2 Armour
 + Level 7.3 Dodging
 + Level 5.6 Stealth
 + Level 5.6 Shields
 + Level 5.6 Unarmed Combat
 + Level 7.6 Spellcasting
 + Level 4.6 Conjurations
 + Level 4.6 Hexes
 + Level 4.6 Summonings
 + Level 4.6 Necromancy
 + Level 7.3 Translocations
 + Level 4.6 Transmutations
 + Level 4.6 Fire Magic
 + Level 4.6 Ice Magic
 + Level 4.6 Air Magic
 + Level 4.6 Earth Magic
 + Level 4.6 Poison Magic
 + Level 6.2 Invocations
 + Level 5.6 Evocations


You had one spell level left.
You knew the following spells:

 Your Spells              Type           Power      Damage    Failure   Level
a - Blink                 Tloc           50%        N/A       1%          2
b - Gell's Gravitas       Tloc           25%        N/A       1%          3
c - Airstrike             Air            9%         N/A       21%         4
d - Teleport Other        Tloc           25%        N/A       1%          3
e - Manifold Assault      Tloc           25%        N/A       19%         5
f - Ozocubu's Armour      Ice            18%        N/A       6%          3
g - Swiftness             Air            18%        N/A       6%          3

Your spell library contained the following spells:

 Spells                   Type           Power      Damage    Failure   Level
 Shock                    Conj/Air       72%        1d7       1%          1
 Lesser Beckoning         Tloc           25%        N/A       1%          3
 Static Discharge         Conj/Air       18%        N/A       3%          2
 Inner Flame              Hex/Fire       18%        N/A       6%          3
 Cause Fear               Hex            9%         N/A       21%         4
 Lightning Bolt           Conj/Air       9%         1d21      50%         5
 Ozocubu's Refrigeration  Ice            9%         4d6       100%        7
 Discord                  Hex            9%         N/A       100%        8
 Maxwell's Capacitive Co  Air            9%         ∞         100%        8


Dungeon Overview and Level Annotations

Branches:
Dungeon (8/15)             Temple (1/1) D:7
   Lair: D:8-11

Altars:
Ashenzari
Dithmenos
Elyvilon
Fedhas
Gozag
Hepliaklqana
Makhleb
Nemelex Xobeh
Okawaru
Qazlal
Ru
Sif Muna
Trog
Vehumet
Wu Jian
Yredelemnul
The Shining One

Annotations:
D:8 3 runed translucent doors, ytrimaz's ghost, novice DsGl


Innate Abilities, Weirdness & Mutations

You are a tree.
Your roots penetrate the ground, keeping you stationary.
You cannot be teleported.
You are immune to unholy pain and torment.
Your maximum health is greatly increased.
Your equipment is partially melded.
((You have very sharp teeth.))
Your uncanny sense of smell can sniff out nearby items.
Your experience applies equally to all skills.


Message History

You feel very sick. The killer bee barely misses you.
The killer bee stings you but does no damage.
Throw: 3 boomerangs (disperse)
Press: ? - help, Shift-Dir - straight line, f - killer bee
Aim: a killer bee (moderately wounded, 36% to hit)
You throw a boomerang of dispersal.
The boomerang of dispersal barely misses the killer bee.
* * * LOW HITPOINT WARNING * * *
You feel very sick.
The killer bee stings you but does no damage.
The killer bee stings you.
* * * LOW HITPOINT WARNING * * *
Throw: 2 boomerangs (disperse)
Press: ? - help, Shift-Dir - straight line, f/p - killer bee
Aim: a killer bee (moderately wounded, 36% to hit)
You throw a boomerang of dispersal.
The boomerang of dispersal closely misses the killer bee.
* * * LOW HITPOINT WARNING * * *
You feel very sick. The killer bee stings you.
* * * LOW HITPOINT WARNING * * *
The killer bee stings you but does no damage.
You feel protected.
* * * LOW HITPOINT WARNING * * *
You feel very sick.
The killer bee stings you but does no damage.
The killer bee stings you.
* * * LOW HITPOINT WARNING * * *
Okay, then.
Okay, then.
Your magic is already full.
You hit the killer bee.
The killer bee is heavily wounded.
* * * LOW HITPOINT WARNING * * *
You feel sick.
The killer bee stings you but does no damage. x2
You closely miss the killer bee.
The killer bee is heavily wounded.
You die...

##### #..)# #...# ##### ### #...#
###...#### ##.### ##)##
####.#....#.# #....## ♣♣.♣
.##.........####....# ♣.♣♣
..............##....# ♣♣.♣
................♣y..# ♣.♣♣
##..#............)..### ♣♣.♣♣
#...#........##....<..### ♣...♣♣
##........#.##..........## ♣....♣
#.####...#.##....8.8....# #....#
##.####.(................###....#
#..##.............#.8......##...#
....#..####................##..##
...###..#.......##.[8.#.......##


You could see a killer bee.

Vanquished Creatures
  Harold (D:7)
  Pikel (D:6)
  A wyvern (D:7)
  Menkaure (D:5)
  2 sky beasts
  2 black bears
  An ice beast (D:5)
  An ogre (D:5)
  5 necrophages
  2 centaurs
  2 bullfrogs
  A wyvern zombie (D:8)
  A gnoll sergeant (D:5)
  4 scorpions
  A water moccasin zombie (D:6)
  A water moccasin skeleton (D:6)
  7 killer bees
  A bullfrog zombie (D:6)
  2 jellies (D:6)
  5 hounds
  A gnoll shaman (D:8)
  4 orc priests
  Crazy Yiuf (D:7)
  A bullfrog skeleton (D:7)
  Jessica (D:2)
  2 iguanas
  2 orc wizards (D:4)
  A killer bee zombie (D:7)
  A hound zombie (D:5)
  A howler monkey zombie (D:5)
  12 gnolls
  6 adders
  3 shadow imps
  3 ufetubi
  An adder skeleton (D:5)
  3 worms
  2 dart slugs
  13 orcs
  10 endoplasms
  4 giant cockroaches
  3 goblins
  5 hobgoblins
  5 jackals
  2 quokkas
  2 ball pythons (D:2)
  4 bats
  4 frilled lizards
  8 kobolds
  5 rats
152 creatures vanquished.

Notes
Turn   | Place    | Note
-------+----------+-------------------------------------------
     0 | D:1      | iamoutofideas the Gnoll Warper began the quest for the Orb.
     0 | D:1      | Reached XP level 1. HP: 20/20 MP: 6/6
   230 | D:1      | Found a faded altar of an unknown god.
   256 | D:1      | Reached XP level 2. HP: 17/26 MP: 7/7
  1131 | D:2      | Reached XP level 3. HP: 30/31 MP: 9/9
  1164 | D:2      | Noticed Jessica
  1170 | D:2      | Reached skill level 5 in Spellcasting
  1174 | D:2      | Killed Jessica
  1175 | D:2      | Reached skill level 1 in Short Blades
  1175 | D:2      | Reached skill level 1 in Long Blades
  1175 | D:2      | Reached skill level 1 in Maces & Flails
  1175 | D:2      | Reached skill level 1 in Polearms
  1175 | D:2      | Reached skill level 1 in Staves
  1175 | D:2      | Reached skill level 1 in Slings
  1175 | D:2      | Reached skill level 1 in Bows
  1175 | D:2      | Reached skill level 1 in Crossbows
  1175 | D:2      | Reached skill level 1 in Stealth
  1175 | D:2      | Reached skill level 1 in Shields
  1175 | D:2      | Reached skill level 1 in Unarmed Combat
  1175 | D:2      | Reached skill level 1 in Invocations
  1175 | D:2      | Reached skill level 1 in Evocations
  1182 | D:2      | Reached XP level 4. HP: 7/40 MP: 10/12
  1554 | D:2      | Learned a level 2 spell: Blink
  1558 | D:2      | Learned a level 3 spell: Gell's Gravitas
  1562 | D:2      | Learned a level 3 spell: Lesser Beckoning
  1566 | D:2      | Learned a level 3 spell: Teleport Other
  1628 | D:2      | Reached XP level 5. HP: 45/46 MP: 13/13
  1645 | D:2      | Learned a level 5 spell: Manifold Assault
  2789 | D:4      | Reached XP level 6. HP: 24/52 MP: 15/15
  3240 | D:4      | Identified the +6 dagger of Breach {flame, +Blink}
  4454 | D:4      | Reached XP level 7. HP: 50/58 MP: 16/16
  4729 | D:4      | Learned a level 3 spell: Ozocubu's Armour
  4739 | D:5      | Entered Level 5 of the Dungeon
  4787 | D:5      | Noticed Menkaure
  5023 | D:4      | Reached skill level 5 in Throwing
  5023 | D:4      | Reached skill level 5 in Armour
  5784 | D:5      | Reached XP level 8. HP: 42/65 MP: 16/18
  5883 | D:5      | Killed Menkaure
  6483 | D:5      | Reached skill level 5 in Invocations
  7934 | D:6      | Reached XP level 9. HP: 70/71 MP: 19/19
  7989 | D:6      | Found Gozag's Platinum Reserve.
  7993 | D:6      | Found an opulent altar of Gozag.
  8593 | D:7      | Found a runed translucent door.
  8594 | D:7      | Noticed Crazy Yiuf
  8906 | D:7      | Reached skill level 5 in Short Blades
  8906 | D:7      | Reached skill level 5 in Long Blades
  8906 | D:7      | Reached skill level 5 in Maces & Flails
  8906 | D:7      | Reached skill level 5 in Polearms
  8906 | D:7      | Reached skill level 5 in Staves
  8906 | D:7      | Reached skill level 5 in Slings
  8906 | D:7      | Reached skill level 5 in Bows
  8906 | D:7      | Reached skill level 5 in Crossbows
  8906 | D:7      | Reached skill level 5 in Stealth
  8906 | D:7      | Reached skill level 5 in Shields
  8906 | D:7      | Reached skill level 5 in Unarmed Combat
  8906 | D:7      | Reached skill level 5 in Evocations
  9024 | D:7      | Learned a level 3 spell: Swiftness
  9058 | D:7      | Noticed Pikel
  9071 | D:7      | Noticed Harold
  9148 | D:7      | Found a staircase to the Ecumenical Temple.
  9158 | Temple   | Entered the Ecumenical Temple
  9852 | Temple   | Became a worshipper of Ashenzari the Shackled
  9954 | D:6      | Killed Pikel
 10428 | D:7      | Killed Harold
 10429 | D:7      | Reached XP level 10. HP: 8/79 MP: 15/21
 11400 | D:7      | Killed Crazy Yiuf
 12019 | D:8      | Learned a level 4 spell: Airstrike
 12362 | D:8      | Identified the +3 scale mail "Gontahuf" {rF+}
 12725 | D:8      | Found a shadowy altar of Dithmenos.
 12727 | D:8      | Found a hazy altar of Hepliaklqana.
 12956 | D:8      | Found a runed translucent gate.
 12956 | D:8      | Found a runed translucent gate.
 12957 | D:8      | Found a runed translucent gate.
 13052 | D:8      | Noticed ytrimaz's ghost (novice DsGl)
 13077 | D:8      | Noticed a two-headed ogre
 13576 | D:7      | HP: 3/118 [killer bee (4)]
 13577 | D:7      | HP: 1/118 [poisoned by a killer bee]
 13578 | D:7      | Succumbed to a killer bee's poison

Illustrated notes

Levels and vault maps discovered:
D:1:      eino_arrival_cavern_b, layout_rooms, shapermc_ecumenical_altar_venn
D:2:      layout_loops_ring, uniq_jessica
D:3:      layout_basic
D:4:      layout_rooms, minmay_surrounded
D:5:      layout_basic, uniq_menkaure
D:6:      layout_rooms, nicolae_gozag_zags_fifth_avenue, grunt_ministairs_1
D:7:      layout_cave_pools, minmay_temple_entry_mini_moons,
          serial_column_ruins, column_ruins_hut, column_ruins_columns_straight,
          column_ruins_columns_corner, column_ruins_columns_corner,
          column_ruins_open_tiny, column_ruins_corridor_dead_end,
          chequers_serial_rivers_micro_a, uniq_crazy_yiuf_cottage, uniq_harold,
          uniq_pikel
D:8:      layout_loops_cross, riverfiend_overflow_shadow_ancestor,
          gammafunk_ghost_necromancy
Temple:   dpeg_chambers_temple

Skill      XL: |  1  2  3  4  5  6  7  8  9 10 |
---------------+-------------------------------+-----
Spellcasting   | 6 7 |  7.6
Short Blades   | 3 4 5 |  5.6
Long Blades    | 3 4 5 |  5.6
Maces & Flails | 3 4 5 |  5.6
Polearms       | 3 4 5 |  5.6
Staves         | 3 4 5 |  5.6
Slings         | 3 4 5 |  5.6
Bows           | 3 4 5 |  5.6
Crossbows      | 3 4 5 |  5.6
Stealth        | 3 4 5 |  5.6
Shields        | 3 4 5 |  5.6
Unarmed Combat | 3 4 5 |  5.6
Invocations    | 4 5 6 |  6.2
Evocations     | 3 4 5 |  5.6
Fighting       | 6 7 |  7.3
Axes           | 6 7 |  7.3
Throwing       | 4 5 6 |  6.2
Armour         | 4 5 6 |  6.2
Dodging        | 6 7 |  7.3
Conjurations   | 3 4 |  4.6
Hexes          | 3 4 |  4.6
Summonings     | 3 4 |  4.6
Necromancy     | 3 4 |  4.6
Translocations | 6 7 |  7.3
Transmutations | 3 4 |  4.6
Fire Magic     | 3 4 |  4.6
Ice Magic      | 3 4 |  4.6
Air Magic      | 3 4 |  4.6
Earth Magic    | 3 4 |  4.6
Poison Magic   | 3 4 |  4.6

Action                   |  1- 3 |  4- 6 |  7- 9 | 10-12 || total
-------------------------+-------+-------+-------+-------++-------
Melee: Hand axe          |    72 |   238 |   419 |   131 ||   860
       Bite              |     4 |    12 |    49 |    10 ||    75
       Dagger            |       |    14 |    51 |       ||    65
       Punch             |       |       |     7 |     2 ||     9
Throw: Dart              |       |     2 |    68 |    13 ||    83
       Javelin           |       |       |    19 |       ||    19
       Boomerang         |       |       |     2 |     2 ||     4
 Cast: Gell's Gravitas   |       |     4 |     3 |       ||     7
       Teleport Other    |       |       |    12 |     3 ||    15
       Blink             |       |       |     6 |       ||     6
       Swiftness         |       |       |     1 |     1 ||     2
       Ozocubu's Armour  |       |       |     1 |       ||     1
       Airstrike         |       |       |       |     3 ||     3
 Abil: Evoke Blink       |       |     1 |       |       ||     1
Evoke: Wand              |       |     2 |     2 |     1 ||     5
  Use: Potion            |     3 |     1 |     2 |     2 ||     8
       Scroll            |       |     4 |     5 |       ||     9
 Stab: Sleeping          |       |     1 |     3 |     3 ||     7
Armor: Leather armour    |    24 |     2 |   199 |    68 ||   293
       Skin              |     1 |     6 |       |     6 ||    13
       Ring mail         |       |   103 |    67 |       ||   170
Dodge: Dodged            |    49 |   148 |   416 |   130 ||   743

Table legend: (Time is in decaauts)
 A = Elapsed time spent in this place.
 B = Non-inter-level travel time spent in this place.
 C = Inter-level travel time spent in this place.
 D = Time resting spent in this place.
 E = Time spent auto-exploring this place.
 F = Levels seen in this place.
 G = Mean time per level.
                   A        B        C        D        E       F      G
               +--------+--------+--------+--------+--------+-----+--------+
         Total |  13567 |  12919 |    648 |   5261 |   5281 |   9 | 1507.4 |
       Dungeon |  12844 |  12235 |    609 |   4785 |   5089 |   8 | 1605.5 |
        Temple |    722 |    683 |     39 |    476 |    192 |   1 |  722.0 |
               +--------+--------+--------+--------+--------+-----+--------+

Top non-repeatable levels by time:
     D:7: 2482 daAuts
     D:5: 1912 daAuts
     D:6: 1873 daAuts
     D:4: 1703 daAuts
     D:3: 1629 daAuts
     D:2: 1365 daAuts
     D:8: 1096 daAuts
     D:1: 780 daAuts
  Temple: 722 daAuts
